 Seeded DCSS version 0.29.1 (webtiles) character file.

Game seed: 3121381558354691732 (custom seed)

482 GigaChad the Shield-Bearer (level 6, 0/56 HPs)
             Began as a Minotaur Fighter on Sept 14, 2022.
             Slain by an orc
             ... wielding a +0 hand axe
              (2 damage)
             ... on level 5 of the Dungeon.
             The game lasted 00:08:26 (2077 turns).

GigaChad the Shield-Bearer (Minotaur Fighter)       Turns: 2077, Time: 00:08:27

Health: 0/56       AC:  7    Str: 29    XL:     6   Next: 87%
Magic:  5/5        EV: 10    Int:  5    God:
Gold:   1981       SH: 10    Dex:  9    Spells: 5/5 levels left

rFire   + . .      SeeInvis .   a - +2 long sword
rCold   + . .      Faith    .   c - +0 buckler
rNeg    . . .      Spirit   .   b - +0 scale mail
rPois   +          Reflect  +   (helmet restricted)
rElec   .          Harm     .   (no cloak)
rCorr   .          Rampage  .   (no gloves)
Will    +....                   (no boots)
Stlth   ..........              p - amulet of reflection
HPRegen 0.18/turn               g - +6 ring of strength
MPRegen 0.09/turn               l - ring of Hard Scrabble {rPois rF+ rC+ Will+}

@: no status effects
A: horns 2, retaliatory headbutt
a: no special abilities


You were on level 5 of the Dungeon.
You visited 1 branch of the dungeon, and saw 4 of its levels.

You collected 1981 gold pieces.

Inventory:

Hand Weapons
 a - a +2 long sword (weapon)
Missiles
 h - 2 throwing nets (quivered)
Armour
 b - a +0 scale mail (worn)
 c - a +0 buckler (worn)
Magical Staves
 k - a staff of cold
Jewellery
 g - a +6 ring of strength (left hand)
 i - a ring of see invisible
 l - the ring of Hard Scrabble (right hand) {rPois rF+ rC+ Will+}
   (You acquired it on level 1 of the Dungeon)

   [ring of willpower]

   rF:        It protects you from fire.
   rC:        It protects you from cold.
   rPois:     It protects you from poison.
   Will:      It increases your willpower.
 p - an amulet of reflection (around neck)
 r - a ring of positive energy
Wands
 e - a wand of flame (15)
Scrolls
 j - 2 scrolls of teleportation {unknown}
 m - 2 scrolls of amnesia
 n - a scroll of poison
 s - a scroll of fear
Potions
 d - a potion of might
 f - a potion of magic
 o - a potion of invisibility {unknown}
 q - a potion of heal wounds {unknown}


   Skills:
 + Level 5.0 Fighting
 + Level 5.2 Long Blades
 + Level 5.4 Armour
 + Level 1.1 Dodging
 + Level 0.1 Stealth
 + Level 5.8 Shields


You had 5 spell levels left.
You didn't know any spells.
Your spell library contained the following spells:

 Spells                   Type           Power      Damage    Failure   Level
 Sting                    Tmut/Pois      0%         1d3       80%         1
 Ensorcelled Hibernation  Hex/Ice        0%         N/A       91%         2
 Passwall                 Tmut/Erth      0%         N/A       91%         2
 Sublimation of Blood     Necr           0%         N/A       91%         2
 Swiftness                Air            0%         N/A       99%         3
 Petrify                  Tmut/Erth      0%         N/A       100%        4
 Irradiate                Conj/Tmut      0%         3d11      100%        5


Dungeon Overview and Level Annotations

Branches:
Dungeon (3/15)

Altars:
Trog


Innate Abilities, Weirdness & Mutations

You have a pair of horns on your head.
You reflexively headbutt those who attack you in melee.


Message History

Something hits you but does no damage.
You miss something. The jackal closely misses you. Something hits you.
The orc closely misses you. You furiously retaliate!
You headbutt the orc!
You kill the orc!
You block the jackal's attack.
You hit something. You block the jackal's attack.
You hear some strange, mumbled words.
A magic dart appears from out of thin air!
The magic dart hits you.
The orc priest hits you but does no damage.
You barely miss something. Your headbutt misses something.
You block the jackal's attack. Something hits you but does no damage.
You block the orc priest's attack. The jackal closely misses you.
You furiously retaliate!
You headbutt the jackal. You miss something. The jackal closely misses you.
You furiously retaliate!
You headbutt the jackal, but do no damage.
You hear some strange, mumbled words.
A puff of flame appears from out of thin air!
The puff of flame hits you. You resist.
The orc priest calls down the wrath of Beogh upon you.
Beogh smites you!
* * * LOW HITPOINT WARNING * * *
The jackal barely misses you. Something hits you but does no damage.
The orc priest barely misses you. You furiously retaliate!
You headbutt the orc priest! You slash something!
Reactivating autopickup.
You feel a bit more experienced. The jackal misses you.
You furiously retaliate!
You headbutt the jackal!
You kill the jackal!
The orc priest calls down the wrath of Beogh upon you.
Beogh smites you!
* * * LOW HITPOINT WARNING * * *
Your Fighting skill increases to level 5!
The orc closely misses you. The orc attacks as you move away!
The orc hits you but does no damage.
The orc priest looks satisfied for a moment.
You barely miss the orc. Your headbutt misses the orc.
The orc hits you with a +0 hand axe.
You die...

##.#####.# .....###.# ##...
##....##.# .... ## ....#..#.#
... .. . ....##.#(# #.# .# ..
..#....... ####.####.##.#
.###..#..## ##..............#
#.#.<.....###.#####†).......#
##.#.#.#.#.#....@ooo)..<..!.#
##.#.#.#.##.#.....######....#
...#.#.#.###..................
.....# #.........####. .###
###### #............. #
#.........#### ##............
##.....#.### ###....#.##


You could see an orc priest and 2 orcs.

Vanquished Creatures
  Menkaure (D:5)
  An ogre (D:5)
  A necrophage (D:5)
  2 hounds (D:5)
  An orc priest (D:5)
  An orc wizard (D:5)
  5 adders
  2 worms (D:2)
  3 orcs (D:5)
  5 bats
  2 endoplasms
  7 goblins
  2 hobgoblins
  8 jackals
  2 ball pythons
  3 frilled lizards
  5 rats
51 creatures vanquished.

Notes
Turn   | Place    | Note
-------+----------+-------------------------------------------
     0 | D:1      | GigaChad the Minotaur Fighter began the quest for the Orb.
     0 | D:1      | Reached XP level 1. HP: 19/19 MP: 0/0
   237 | D:1      | Found a faded altar of an unknown god.
   290 | D:1      | Got Plato's Secrets of Vitiation
   490 | D:1      | Reached XP level 2. HP: 13/27 MP: 1/1
   507 | D:1      | Identified 3 scrolls of acquirement
   507 | D:1      | Acquired 1041 gold pieces
   511 | D:1      | Acquired the ring of Hard Scrabble {rPois rF+ rC+ Will+}
   513 | D:1      | Acquired 752 gold pieces
   986 | D:2      | Found a bloodstained altar of Trog.
  1172 | D:2      | Reached XP level 3. HP: 31/33 MP: 2/2
  1520 | D:2      | Reached XP level 4. HP: 41/41 MP: 3/3
  1703 | D:3      | You fall into a shaft and drop 2 floors!
  1703 | D:5      | Entered Level 5 of the Dungeon
  1706 | D:5      | Noticed a necrophage
  1715 | D:5      | Killed a necrophage
  1746 | D:5      | Reached XP level 5. HP: 42/47 MP: 4/4
  1758 | D:5      | Reached skill level 5 in Shields
  1881 | D:5      | Noticed Menkaure
  1889 | D:5      | Killed Menkaure
  1890 | D:5      | Reached skill level 5 in Armour
  1890 | D:5      | Reached skill level 1 in Dodging
  1890 | D:5      | Reached XP level 6. HP: 28/53 MP: 5/5
  1938 | D:5      | Reached skill level 5 in Long Blades
  2073 | D:5      | HP: 1/55 [orc priest/divine providence (11)]
  2074 | D:5      | Reached skill level 5 in Fighting
  2077 | D:5      | Slain by an orc

Illustrated notes

Levels and vault maps discovered:
D:1:      minmay_arrival_glassed_features, layout_loops_ring,
          shapermc_ecumenical_altar_rom_forum, nicolae_kite_square_tiling_tiny
D:2:      layout_basic, basic_altar
D:3:      layout_rooms, serial_shops, nicolae_shop_hallway_stairs
D:5:      layout_loops_ring, minmay_crystal_room, uniq_menkaure

Skill      XL: |  1  2  3  4  5  6 |
---------------+-------------------+-----
Armour         | 4 5 |  5.4
Fighting       | 4 5 |  5.0
Shields        | 4 5 |  5.8
Long Blades    | 3 4 5 |  5.2
Dodging        | 1 |  1.1
Stealth        | |  0.1

Action                   |  1- 3 |  4- 6 || total
-------------------------+-------+-------++-------
Melee: Long sword        |    72 |    53 ||   125
       Headbutt          |    13 |     5 ||    18
  Use: Scroll            |     8 |     3 ||    11
Armor: Scale mail        |    40 |    32 ||    72
Dodge: Dodged            |    57 |    35 ||    92
Block: Buckler           |    35 |    40 ||    75
